General information
- name: BNet
- type: Ladder team game (AT/RT)
- host: Battle.net
- saver: RockBlock
map: FullScaleAssault
- players: 8
- length: 46:20
- speed: Fast
- version: 1.21 W3XP
- replay type: Public
» download(478 KB)
Players
team 1 (loser)
EviL_GeaR (
yellow | 82 APM | 3771 actions | 46:11)
9 Priestess of the Moon
3 Searing Arrows
3 Trueshot Aura
1 Starfall
2 Scout
» actions
| Assign group hotkey | 36 | |
| Build / train | 163 | |
| Enter build submenu | 57 | |
| Enter hero's abilities submenu | 9 | |
| Give item / drop item | 3 | |
| Remove unit from queue | 5 | |
| Right click | 1882 | |
| Select / deselect | 579 | |
| Select group hotkey | 901 | |
| Use ability | 136 | |
3771 total
» units
| Wisp | 77 | |
| Archer | 10 | |
| Goblin Zeppelin | 7 | |
| Chimaera | 17 | |
| Hippogryph | 16 | |
127 total
» upgrades
| Reinforced Hides | 3 | |
| Strength of the Wild | 3 | |
| Corrosive Breath | 1 | |
| Well Spring | 1 | |
| Ultravision | 1 | |
9 total
» buildings
| Altar of Elders | 1 | |
| Moon Well | 7 | |
| Ancient of War | 2 | |
| Tree of Ages | 1 | |
| Tree of Life | 5 | |
| Hunter's Hall | 1 | |
| Tree of Eternity | 1 | |
| Ancient of Wind | 4 | |
| Chimaera Roost | 3 | |
| Ancient Protector | 21 | |
| Ancient of Wonders | 2 | |
| Ancient of Lore | 1 | |
49 total
» build order
00:07 Altar of Elders
00:19 Moon Well
01:02 Ancient of War
01:40 Moon Well
02:07 Ancient of War
03:42 Tree of Ages
03:44 Moon Well
04:19 Tree of Life
05:03 Moon Well
05:12 Hunter's Hall
06:05 Tree of Eternity
06:09 Ancient of Wind
06:17 Moon Well
08:32 Chimaera Roost
08:35 Chimaera Roost
09:26 Chimaera Roost
10:03 Tree of Life
10:30 Ancient Protector
10:32 Ancient Protector
10:53 Ancient Protector
12:38 Ancient Protector
12:40 Ancient Protector
12:44 Ancient Protector
12:46 Ancient Protector
13:01 Ancient Protector
13:40 Ancient Protector
13:44 Ancient Protector
13:59 Ancient Protector
14:05 Ancient Protector
14:47 Moon Well
19:07 Ancient of Wonders
24:57 Tree of Life
25:01 Ancient Protector
25:05 Ancient Protector
25:14 Ancient Protector
25:17 Ancient Protector
26:30 Moon Well
27:44 Tree of Life
28:24 Ancient of Wonders
28:43 Ancient Protector
29:08 Ancient Protector
29:09 Ancient Protector
29:11 Ancient Protector
29:12 Ancient Protector
32:14 Tree of Life
32:29 Ancient of Lore
35:21 Ancient of Wind
35:24 Ancient of Wind
35:34 Ancient of Wind
» items
| Scroll of Town Portal | 5 | |
| Anti-magic Potion | 1 | |
| Potion of Healing | 3 | |
| Potion of Mana | 1 | |
10 total
MoNsTerDeaTh (
orange | 87 APM | 4030 actions | 46:15)
6 Death Knight
3 Death Coil
3 Unholy Aura
5 Lich
3 Frost Nova
2 Frost Armor
» actions
| Assign group hotkey | 43 | |
| Basic commands | 4 | |
| Build / train | 60 | |
| Enter build submenu | 15 | |
| Enter hero's abilities submenu | 11 | |
| Remove unit from queue | 1 | |
| Right click | 2019 | |
| Select / deselect | 370 | |
| Select group hotkey | 1406 | |
| Use ability | 101 | |
4030 total
» units
| Acolyte | 8 | |
| Ghoul | 3 | |
| Crypt Fiend | 5 | |
| Frost Wyrm | 11 | |
| Goblin Zeppelin | 2 | |
29 total
» upgrades
| Web | 1 | |
| Creature Attack | 1 | |
| Burrow | 1 | |
| Freezing Breath | 1 | |
| Creature Carapace | 1 | |
5 total
» buildings
| Graveyard | 2 | |
| Crypt | 1 | |
| Altar of Darkness | 1 | |
| Ziggurat | 8 | |
| Tomb of Relics | 1 | |
| Nerubian Tower | 1 | |
| Halls of the Dead | 1 | |
| Spirit Tower | 5 | |
| Black Citadel | 1 | |
| Sacrificial Pit | 1 | |
| Boneyard | 2 | |
24 total
» build order
00:06 Graveyard
00:10 Graveyard
00:17 Crypt
00:43 Altar of Darkness
01:00 Ziggurat
01:35 Tomb of Relics
02:09 Ziggurat
03:08 Nerubian Tower
05:03 Halls of the Dead
05:40 Spirit Tower
05:42 Ziggurat
07:32 Black Citadel
07:35 Sacrificial Pit
07:41 Ziggurat
10:04 Boneyard
10:05 Boneyard
10:55 Ziggurat
10:58 Ziggurat
10:58 Ziggurat
11:13 Ziggurat
20:16 Spirit Tower
21:06 Spirit Tower
21:08 Spirit Tower
21:39 Spirit Tower
» items
| Rod of Necromancy | 1 | |
| Dust of Appearance | 1 | |
| Orb of Corruption | 1 | |
| Scroll of Town Portal | 1 | |
4 total
N]Elite.TaNgUy2 (
blue | 64 APM | 2985 actions | 46:19)
8 Tauren Chieftain
3 Shockwave
3 Endurance Aura
1 Reincarnation
1 War Stomp
» actions
| Assign group hotkey | 42 | |
| Basic commands | 5 | |
| Build / train | 106 | |
| Enter build submenu | 26 | |
| Enter hero's abilities submenu | 8 | |
| Give item / drop item | 4 | |
| Remove unit from queue | 1 | |
| Right click | 1840 | |
| Select / deselect | 668 | |
| Select group hotkey | 210 | |
| Use ability | 75 | |
2985 total
» units
| Peon | 20 | |
| Grunt | 5 | |
| Demolisher | 17 | |
| Tauren | 13 | |
| Troll Witch Doctor | 10 | |
| Troll Headhunter/Berserker | 1 | |
66 total
» upgrades
| Armor | 2 | |
| Burning Oil | 1 | |
| Witch Doctor Training | 2 | |
| Pulverize | 1 | |
| Reinforced Defenses | 1 | |
7 total
» buildings
| Altar of Storms | 1 | |
| Orc Burrow | 7 | |
| Barracks | 2 | |
| Stronghold | 2 | |
| War Mill | 1 | |
| Fortress | 1 | |
| Voodoo Lounge | 1 | |
| Tauren Totem | 2 | |
| Watch Tower | 6 | |
| Spirit Lodge | 1 | |
| Great Hall | 1 | |
25 total
» build order
00:12 Altar of Storms
00:21 Orc Burrow
00:53 Barracks
01:37 Orc Burrow
02:38 Stronghold
03:59 War Mill
04:27 Barracks
04:32 Orc Burrow
05:05 Fortress
05:50 Voodoo Lounge
05:56 Orc Burrow
07:38 Tauren Totem
07:44 Tauren Totem
08:37 Orc Burrow
10:58 Watch Tower
11:00 Watch Tower
12:31 Spirit Lodge
19:17 Orc Burrow
19:20 Orc Burrow
28:48 Great Hall
32:24 Watch Tower
33:36 Watch Tower
35:55 Watch Tower
37:46 Watch Tower
» items
| Scroll of Town Portal | 3 | |
| Potion of Lesser Invulnerability | 1 | |
| Dust of Appearance | 1 | |
| Orb of Lightning | 4 | |
9 total
PAko) (
purple | 109 APM | 5035 actions | 46:15)
6 Death Knight
3 Death Coil
1 Unholy Aura
1 Death Pact
1 Animate Dead
4 Lich
2 Frost Nova
2 Frost Armor
» actions
| Assign group hotkey | 58 | |
| Basic commands | 36 | |
| Build / train | 81 | |
| ESC pressed | 2 | |
| Enter build submenu | 17 | |
| Enter hero's abilities submenu | 10 | |
| Give item / drop item | 1 | |
| Right click | 2426 | |
| Select / deselect | 680 | |
| Select group hotkey | 1539 | |
| Use ability | 183 | |
5035 total
» units
| Acolyte | 7 | |
| Ghoul | 4 | |
| Crypt Fiend | 20 | |
| Obsidian Statue | 2 | |
| Meatwagon | 8 | |
| Goblin Zeppelin | 3 | |
44 total
» upgrades
| Destroyer Form | 1 | |
| Web | 1 | |
| Creature Carapace | 2 | |
| Creature Attack | 1 | |
| Burrow | 1 | |
6 total
» buildings
| Graveyard | 1 | |
| Crypt | 1 | |
| Altar of Darkness | 1 | |
| Ziggurat | 7 | |
| Tomb of Relics | 1 | |
| Halls of the Dead | 2 | |
| Black Citadel | 2 | |
| Slaughterhouse | 2 | |
| Nerubian Tower | 2 | |
| Spirit Tower | 2 | |
| Necropolis | 1 | |
22 total
» build order
00:08 Graveyard
00:17 Crypt
00:43 Altar of Darkness
00:59 Ziggurat
01:39 Tomb of Relics
02:30 Ziggurat
04:50 Halls of the Dead
05:09 Ziggurat
07:26 Black Citadel
07:26 Black Citadel
07:32 Slaughterhouse
07:37 Slaughterhouse
08:16 Ziggurat
08:36 Nerubian Tower
10:53 Spirit Tower
10:54 Spirit Tower
11:00 Ziggurat
13:09 Ziggurat
20:21 Ziggurat
27:46 Necropolis
» items
| Rod of Necromancy | 3 | |
| Scroll of Town Portal | 6 | |
9 total
team 2 (winner)
iggy_the_fisk (
red | 84 APM | 3870 actions | 46:19)
5 Pandaren Brewmaster
3 Breath of Fire
1 Drunken Haze
1 Drunken Brawler
4 Goblin Alchemist
2 Chemical Rage
2 Acid Bomb
4 Naga Sea Witch
2 Frost Arrows
2 Forked Lightning
» actions
| Assign group hotkey | 28 | |
| Basic commands | 27 | |
| Build / train | 126 | |
| Enter build submenu | 84 | |
| Enter hero's abilities submenu | 13 | |
| Give item / drop item | 12 | |
| Remove unit from queue | 3 | |
| Right click | 2128 | |
| Select / deselect | 580 | |
| Select group hotkey | 644 | |
| Use ability | 224 | |
3870 total
» units
| Peasant | 31 | |
| Dragonhawk Rider | 4 | |
| Blue Dragon | 1 | |
36 total
» upgrades
| Masonry | 3 | |
| Lumber Harvesting | 2 | |
| Animal War Training | 1 | |
| Swords | 3 | |
| Armor | 2 | |
11 total
» buildings
| Lumber Mill | 2 | |
| Farm | 16 | |
| Scout Tower | 44 | |
| Arcane Tower | 1 | |
| Altar of Kings | 3 | |
| Guard Tower | 23 | |
| Arcane Vault | 3 | |
| Keep | 3 | |
| Town Hall | 2 | |
| Castle | 1 | |
| Gryphon Aviary | 1 | |
| Blacksmith | 1 | |
| Barracks | 1 | |
| Arcane Sanctum | 1 | |
102 total
» build order
00:09 Lumber Mill
00:19 Farm
01:50 Scout Tower
02:07 Scout Tower
02:09 Arcane Tower
02:11 Scout Tower
02:25 Altar of Kings
02:30 Guard Tower
02:36 Guard Tower
03:07 Scout Tower
03:19 Farm
03:33 Guard Tower
03:35 Scout Tower
03:38 Scout Tower
04:15 Guard Tower
04:18 Arcane Vault
04:35 Keep
04:37 Farm
04:52 Scout Tower
04:52 Scout Tower
05:29 Scout Tower
05:30 Guard Tower
05:47 Guard Tower
05:50 Scout Tower
06:10 Arcane Vault
06:20 Guard Tower
06:26 Scout Tower
06:28 Scout Tower
07:24 Guard Tower
08:44 Scout Tower
08:54 Scout Tower
09:36 Town Hall
09:50 Guard Tower
10:07 Guard Tower
10:08 Scout Tower
10:33 Scout Tower
11:03 Guard Tower
11:30 Castle
13:39 Scout Tower
13:43 Scout Tower
13:44 Scout Tower
13:47 Scout Tower
13:48 Scout Tower
13:57 Gryphon Aviary
13:58 Blacksmith
14:01 Barracks
14:12 Guard Tower
14:13 Scout Tower
14:15 Guard Tower
14:42 Guard Tower
14:58 Scout Tower
15:06 Arcane Sanctum
15:55 Scout Tower
16:26 Guard Tower
17:24 Scout Tower
17:32 Farm
17:33 Farm
18:43 Scout Tower
18:44 Scout Tower
19:11 Guard Tower
19:13 Scout Tower
19:14 Scout Tower
19:20 Scout Tower
19:21 Guard Tower
19:59 Guard Tower
20:10 Scout Tower
20:13 Scout Tower
20:14 Scout Tower
20:16 Scout Tower
20:17 Scout Tower
20:18 Scout Tower
20:36 Scout Tower
20:37 Scout Tower
20:46 Scout Tower
20:46 Scout Tower
20:47 Guard Tower
21:06 Guard Tower
21:13 Guard Tower
21:15 Scout Tower
21:16 Scout Tower
21:34 Guard Tower
22:16 Guard Tower
24:14 Altar of Kings
24:21 Farm
24:24 Farm
26:14 Keep
27:13 Arcane Vault
29:14 Lumber Mill
30:05 Town Hall
32:16 Keep
34:12 Altar of Kings
35:13 Farm
35:14 Farm
36:19 Farm
36:38 Scout Tower
37:25 Scout Tower
37:27 Farm
37:28 Farm
39:55 Farm
39:56 Farm
41:46 Farm
41:48 Farm
» items
| Scroll of Regeneration | 10 | |
| Lesser Clarity Potion | 3 | |
| Potion of Healing | 1 | |
| Boots of Speed | 3 | |
| Staff of Teleportation | 3 | |
| Scroll of Healing | 1 | |
| Staff of Sanctuary | 2 | |
| Scroll of Town Portal | 5 | |
| Ivory Tower | 3 | |
| Healing Salve | 1 | |
32 total
miggity (
green | 122 APM | 5656 actions | 46:19)
8 Archmage
3 Summon Water Elemental
3 Brilliance Aura
1 Mass Teleport
1 Blizzard
3 Mountain King
2 Storm Bolt
1 Bash
» actions
| Assign group hotkey | 650 | |
| Basic commands | 26 | |
| Build / train | 320 | |
| Enter build submenu | 119 | |
| Enter hero's abilities submenu | 12 | |
| Remove unit from queue | 7 | |
| Right click | 2396 | |
| Select / deselect | 1323 | |
| Select group hotkey | 236 | |
| Use ability | 567 | |
5656 total
» units
| Peasant | 51 | |
| Footman | 5 | |
| Goblin Zeppelin | 12 | |
| Dragonhawk Rider | 16 | |
| Blue Dragon | 2 | |
| Siege Engine | 13 | |
99 total
» upgrades
| Masonry | 3 | |
| Lumber Harvesting | 2 | |
| Cloud | 1 | |
| Storm Hammers | 1 | |
| Animal War Training | 1 | |
| Gunpowder | 2 | |
| Plating | 2 | |
| Swords | 1 | |
| Armor | 1 | |
| Barrage | 1 | |
15 total
» buildings
| Altar of Kings | 2 | |
| Lumber Mill | 2 | |
| Farm | 16 | |
| Scout Tower | 112 | |
| Arcane Tower | 2 | |
| Guard Tower | 146 | |
| Keep | 6 | |
| Barracks | 2 | |
| Town Hall | 4 | |
| Gryphon Aviary | 5 | |
| Arcane Vault | 2 | |
| Castle | 5 | |
| Blacksmith | 2 | |
| Workshop | 2 | |
308 total
» build order
00:04 Altar of Kings
00:21 Lumber Mill
00:33 Farm
01:26 Farm
01:34 Scout Tower
01:37 Scout Tower
02:01 Arcane Tower
02:14 Scout Tower
02:27 Guard Tower
02:27 Guard Tower
03:14 Scout Tower
03:29 Scout Tower
03:30 Scout Tower
03:51 Guard Tower
03:51 Guard Tower
03:53 Scout Tower
03:55 Scout Tower
04:02 Scout Tower
04:02 Guard Tower
04:04 Scout Tower
04:05 Scout Tower
04:22 Guard Tower
04:23 Guard Tower
04:35 Guard Tower
04:35 Guard Tower
04:35 Guard Tower
04:45 Keep
04:47 Farm
04:48 Farm
04:50 Barracks
04:57 Guard Tower
04:57 Guard Tower
05:16 Scout Tower
05:17 Scout Tower
06:11 Town Hall
06:18 Guard Tower
06:18 Guard Tower
09:32 Gryphon Aviary
09:34 Gryphon Aviary
09:37 Gryphon Aviary
10:52 Scout Tower
10:53 Scout Tower
10:54 Scout Tower
10:58 Arcane Vault
11:30 Scout Tower
11:31 Scout Tower
11:32 Scout Tower
12:05 Guard Tower
12:05 Guard Tower
12:05 Guard Tower
12:21 Guard Tower
12:28 Scout Tower
12:29 Scout Tower
12:29 Scout Tower
12:33 Scout Tower
12:39 Guard Tower
12:40 Guard Tower
12:42 Scout Tower
12:43 Scout Tower
12:44 Scout Tower
12:47 Scout Tower
12:48 Scout Tower
12:48 Scout Tower
12:57 Guard Tower
12:57 Guard Tower
13:33 Guard Tower
13:33 Guard Tower
13:50 Scout Tower
13:51 Scout Tower
14:09 Scout Tower
14:10 Scout Tower
14:11 Guard Tower
14:11 Scout Tower
14:13 Scout Tower
14:31 Castle
14:32 Castle
14:36 Guard Tower
14:36 Guard Tower
14:36 Guard Tower
14:38 Scout Tower
14:38 Scout Tower
14:39 Guard Tower
14:39 Guard Tower
14:39 Guard Tower
14:40 Guard Tower
14:40 Guard Tower
14:41 Scout Tower
15:06 Scout Tower
15:07 Scout Tower
15:25 Guard Tower
15:25 Guard Tower
15:25 Guard Tower
15:39 Scout Tower
15:40 Scout Tower
15:44 Guard Tower
15:44 Guard Tower
15:46 Scout Tower
15:48 Scout Tower
15:54 Scout Tower
15:55 Scout Tower
16:41 Guard Tower
16:41 Guard Tower
16:43 Guard Tower
16:43 Guard Tower
16:52 Guard Tower
16:53 Guard Tower
17:16 Guard Tower
17:16 Guard Tower
17:16 Guard Tower
18:40 Scout Tower
18:41 Scout Tower
18:42 Scout Tower
18:43 Scout Tower
18:43 Scout Tower
19:07 Guard Tower
19:07 Guard Tower
19:07 Guard Tower
19:21 Guard Tower
19:32 Scout Tower
19:33 Scout Tower
19:37 Scout Tower
19:38 Scout Tower
19:39 Scout Tower
19:39 Scout Tower
19:40 Scout Tower
19:45 Guard Tower
19:46 Guard Tower
19:54 Scout Tower
20:01 Guard Tower
20:01 Guard Tower
20:15 Guard Tower
20:16 Guard Tower
20:21 Blacksmith
20:23 Guard Tower
20:26 Town Hall
20:27 Guard Tower
20:46 Guard Tower
20:47 Guard Tower
21:04 Barracks
21:27 Guard Tower
21:27 Guard Tower
22:10 Town Hall
22:22 Scout Tower
22:23 Scout Tower
22:23 Scout Tower
24:47 Scout Tower
25:20 Guard Tower
25:21 Scout Tower
25:22 Scout Tower
25:31 Scout Tower
25:32 Scout Tower
25:32 Scout Tower
25:33 Scout Tower
25:33 Scout Tower
25:34 Scout Tower
25:35 Scout Tower
25:36 Scout Tower
25:36 Scout Tower
25:53 Guard Tower
25:53 Guard Tower
25:53 Guard Tower
25:56 Scout Tower
25:57 Scout Tower
25:58 Scout Tower
25:59 Guard Tower
25:59 Guard Tower
26:00 Guard Tower
26:05 Guard Tower
26:06 Guard Tower
26:06 Guard Tower
26:07 Guard Tower
26:07 Guard Tower
26:08 Guard Tower
26:09 Scout Tower
26:10 Scout Tower
26:11 Scout Tower
26:11 Scout Tower
26:12 Scout Tower
26:26 Guard Tower
26:26 Guard Tower
27:11 Guard Tower
27:38 Keep
27:39 Keep
28:24 Lumber Mill
29:47 Scout Tower
29:47 Scout Tower
29:48 Scout Tower
29:49 Scout Tower
29:50 Scout Tower
29:50 Scout Tower
30:10 Gryphon Aviary
30:12 Gryphon Aviary
30:37 Scout Tower
30:38 Scout Tower
30:38 Scout Tower
30:39 Scout Tower
30:40 Scout Tower
30:41 Scout Tower
30:41 Scout Tower
30:42 Scout Tower
30:43 Scout Tower
30:43 Scout Tower
30:44 Scout Tower
30:44 Scout Tower
31:07 Farm
31:09 Farm
31:11 Farm
31:11 Farm
31:12 Farm
31:45 Guard Tower
31:56 Town Hall
31:57 Scout Tower
31:57 Scout Tower
31:58 Scout Tower
31:59 Scout Tower
31:59 Scout Tower
32:00 Scout Tower
32:01 Scout Tower
32:12 Guard Tower
32:13 Guard Tower
32:18 Blacksmith
32:18 Guard Tower
32:19 Guard Tower
32:19 Guard Tower
32:25 Altar of Kings
32:28 Farm
32:29 Farm
32:35 Guard Tower
32:36 Guard Tower
32:36 Guard Tower
32:47 Guard Tower
34:07 Scout Tower
34:33 Guard Tower
34:34 Guard Tower
34:34 Scout Tower
34:35 Scout Tower
35:02 Scout Tower
35:02 Scout Tower
35:03 Guard Tower
35:03 Guard Tower
35:14 Guard Tower
35:14 Guard Tower
35:34 Guard Tower
35:37 Arcane Vault
35:40 Castle
36:11 Workshop
36:14 Workshop
40:05 Farm
40:05 Farm
40:06 Farm
40:50 Farm
40:51 Farm
43:09 Keep
43:09 Keep
» items
| Staff of Teleportation | 1 | |
| Potion of Mana | 1 | |
| Potion of Healing | 5 | |
| Lesser Clarity Potion | 1 | |
| Healing Salve | 1 | |
| Scroll of Town Portal | 1 | |
10 total

»
nutsonyochin.de (
teal | 91 APM | 4233 actions | 46:19)
7 Paladin
3 Holy Light
3 Divine Shield
1 Devotion Aura
5 Mountain King
3 Storm Bolt
2 Bash
» actions
| Assign group hotkey | 13 | |
| Basic commands | 27 | |
| Build / train | 135 | |
| Enter build submenu | 63 | |
| Enter hero's abilities submenu | 12 | |
| Give item / drop item | 15 | |
| Right click | 1881 | |
| Select / deselect | 268 | |
| Select group hotkey | 1482 | |
| Use ability | 336 | |
4233 total
» units
| Peasant | 27 | |
| Dragonhawk Rider | 13 | |
| Goblin Zeppelin | 1 | |
41 total
» upgrades
| Masonry | 3 | |
| Magic Sentry | 1 | |
| Cloud | 1 | |
| Armor | 3 | |
| Swords | 3 | |
| Lumber Harvesting | 2 | |
| Animal War Training | 1 | |
14 total
» buildings
| Altar of Kings | 1 | |
| Farm | 8 | |
| Lumber Mill | 2 | |
| Scout Tower | 90 | |
| Arcane Tower | 3 | |
| Guard Tower | 31 | |
| Town Hall | 3 | |
| Keep | 1 | |
| Arcane Sanctum | 1 | |
| Gryphon Aviary | 1 | |
| Blacksmith | 1 | |
| Castle | 1 | |
| Arcane Vault | 1 | |
| Barracks | 1 | |
145 total
» build order
00:16 Altar of Kings
00:18 Farm
00:21 Lumber Mill
01:29 Scout Tower
01:50 Farm
01:57 Scout Tower
02:03 Arcane Tower
02:06 Scout Tower
02:27 Guard Tower
02:33 Guard Tower
02:43 Scout Tower
02:55 Scout Tower
03:15 Guard Tower
03:17 Scout Tower
03:32 Guard Tower
03:33 Guard Tower
04:17 Town Hall
04:35 Farm
04:47 Scout Tower
04:49 Scout Tower
04:50 Scout Tower
04:51 Scout Tower
05:08 Guard Tower
05:15 Scout Tower
05:41 Guard Tower
05:46 Guard Tower
05:55 Lumber Mill
06:04 Guard Tower
07:36 Guard Tower
07:43 Scout Tower
07:44 Scout Tower
07:47 Scout Tower
07:48 Scout Tower
07:49 Scout Tower
07:50 Scout Tower
07:50 Scout Tower
07:53 Scout Tower
07:56 Keep
08:04 Scout Tower
08:05 Scout Tower
08:43 Guard Tower
08:45 Scout Tower
08:46 Scout Tower
08:52 Guard Tower
08:53 Scout Tower
09:02 Scout Tower
09:02 Scout Tower
09:35 Guard Tower
09:37 Scout Tower
09:39 Scout Tower
10:26 Guard Tower
10:31 Guard Tower
10:35 Arcane Sanctum
10:39 Guard Tower
10:56 Guard Tower
11:17 Guard Tower
11:32 Guard Tower
11:39 Scout Tower
11:40 Scout Tower
11:41 Scout Tower
11:42 Scout Tower
13:12 Gryphon Aviary
13:14 Blacksmith
13:55 Town Hall
13:58 Town Hall
17:01 Guard Tower
17:05 Scout Tower
17:06 Scout Tower
17:07 Scout Tower
17:08 Scout Tower
17:09 Scout Tower
17:10 Scout Tower
17:12 Castle
18:46 Guard Tower
18:49 Arcane Vault
18:54 Scout Tower
18:54 Scout Tower
18:55 Scout Tower
18:55 Scout Tower
18:56 Scout Tower
18:57 Scout Tower
20:02 Guard Tower
21:08 Scout Tower
21:08 Scout Tower
21:09 Scout Tower
21:10 Scout Tower
21:10 Scout Tower
21:11 Scout Tower
21:11 Scout Tower
21:12 Scout Tower
21:13 Scout Tower
21:21 Guard Tower
21:31 Barracks
21:40 Guard Tower
21:43 Scout Tower
21:44 Scout Tower
21:45 Scout Tower
21:47 Scout Tower
21:47 Scout Tower
21:48 Scout Tower
21:49 Scout Tower
23:18 Guard Tower
24:18 Guard Tower
26:40 Guard Tower
26:49 Farm
26:50 Farm
26:51 Farm
26:52 Farm
26:53 Farm
28:05 Scout Tower
28:06 Scout Tower
28:09 Scout Tower
29:22 Scout Tower
32:31 Guard Tower
32:34 Scout Tower
32:36 Scout Tower
32:37 Scout Tower
32:37 Scout Tower
32:38 Scout Tower
32:39 Scout Tower
32:40 Scout Tower
32:40 Scout Tower
32:41 Scout Tower
32:42 Scout Tower
32:44 Scout Tower
33:47 Scout Tower
33:47 Scout Tower
33:49 Scout Tower
33:50 Scout Tower
33:51 Scout Tower
33:51 Scout Tower
37:27 Guard Tower
38:23 Guard Tower
40:14 Scout Tower
40:16 Scout Tower
40:16 Scout Tower
40:17 Scout Tower
40:18 Scout Tower
40:19 Scout Tower
40:19 Scout Tower
40:21 Scout Tower
40:22 Scout Tower
40:49 Guard Tower
41:52 Arcane Tower
44:39 Arcane Tower
» items
| Boots of Speed | 2 | |
| Staff of Teleportation | 2 | |
| Potion of Healing | 5 | |
| Potion of Mana | 4 | |
| Healing Salve | 5 | |
| Lesser Clarity Potion | 6 | |
| Orb of Lightning | 2 | |
| Staff of Sanctuary | 2 | |
28 total
RockBlock (
pink | 96 APM | 4449 actions | 46:20)
4 Blademaster
2 Wind Walk
2 Critical Strike
4 Pandaren Brewmaster
2 Breath of Fire
2 Drunken Brawler
» actions
| Assign group hotkey | 150 | |
| Basic commands | 2 | |
| Build / train | 98 | |
| ESC pressed | 7 | |
| Enter build submenu | 69 | |
| Enter hero's abilities submenu | 8 | |
| Give item / drop item | 4 | |
| Remove unit from queue | 6 | |
| Right click | 2289 | |
| Select / deselect | 619 | |
| Select group hotkey | 868 | |
| Use ability | 326 | |
4449 total
» units
| Peon | 25 | |
| Troll Batrider | 30 | |
| Goblin Zeppelin | 1 | |
56 total
» upgrades
| Spiked Barricades | 3 | |
| Reinforced Defenses | 1 | |
| Liquid Fire | 1 | |
| Armor | 1 | |
6 total
» buildings
| Altar of Storms | 1 | |
| Orc Burrow | 4 | |
| War Mill | 1 | |
| Watch Tower | 63 | |
| Stronghold | 1 | |
| Voodoo Lounge | 1 | |
| Beastiary | 2 | |
| Fortress | 2 | |
| Great Hall | 3 | |
78 total
» build order
00:02 Altar of Storms
00:13 Orc Burrow
00:42 War Mill
01:43 Orc Burrow
02:09 Watch Tower
02:30 Watch Tower
03:19 Watch Tower
03:39 Watch Tower
03:45 Stronghold
04:03 Watch Tower
04:25 Watch Tower
04:37 Orc Burrow
05:41 Voodoo Lounge
05:43 Watch Tower
05:46 Watch Tower
06:08 Beastiary
06:09 Beastiary
06:23 Fortress
06:23 Fortress
06:41 Watch Tower
06:48 Watch Tower
07:03 Watch Tower
07:13 Watch Tower
07:31 Watch Tower
07:54 Watch Tower
08:09 Watch Tower
09:29 Watch Tower
10:07 Watch Tower
10:29 Orc Burrow
10:59 Watch Tower
12:33 Watch Tower
12:35 Watch Tower
12:36 Watch Tower
17:55 Watch Tower
17:55 Watch Tower
17:56 Watch Tower
18:50 Watch Tower
18:51 Watch Tower
18:52 Watch Tower
18:52 Watch Tower
18:53 Watch Tower
18:54 Watch Tower
18:55 Watch Tower
18:56 Watch Tower
20:01 Watch Tower
20:02 Watch Tower
20:03 Watch Tower
20:03 Watch Tower
21:14 Watch Tower
21:17 Watch Tower
21:18 Watch Tower
21:19 Watch Tower
24:55 Great Hall
26:56 Great Hall
32:34 Watch Tower
32:35 Watch Tower
32:35 Watch Tower
32:36 Watch Tower
32:37 Watch Tower
32:38 Watch Tower
32:39 Watch Tower
32:40 Watch Tower
32:40 Watch Tower
32:40 Watch Tower
32:41 Watch Tower
32:42 Watch Tower
32:44 Great Hall
35:19 Watch Tower
35:22 Watch Tower
35:24 Watch Tower
35:24 Watch Tower
36:07 Watch Tower
36:08 Watch Tower
36:11 Watch Tower
36:12 Watch Tower
36:12 Watch Tower
36:13 Watch Tower
36:14 Watch Tower
» items
| Healing Salve | 2 | |
| Lesser Clarity Potion | 2 | |
| Staff of Teleportation | 2 | |
| Staff of Sanctuary | 2 | |
| Potion of Mana | 3 | |
| Orb of Lightning | 2 | |
| Boots of Speed | 1 | |
| Potion of Invisibility | 1 | |
| Scroll of Town Portal | 1 | |
16 total
Chat log
(00:07 / Allies) miggity: summer breeze
(00:09 / Allies) miggity: n feelin kinda fine
(00:16 / Allies) RockBlock: the autumn leaves
(00:18 / Allies) miggity: rollin with mah shorty all the time
(00:19 / Allies) RockBlock: float by the window
(00:32 / Allies) nutsonyochin.de: my stomach lal rumbling b/c i didnt make bagel
(00:42 / Allies) miggity: eat shit
(00:43 / Allies) miggity: faggot
(00:46 / Allies) nutsonyochin.de: \awoppo[s
(00:58 / All) iggy_the_fisk: yo undead
(01:04 / All) MoNsTerDeaTh: ou dead
(01:07 / All) iggy_the_fisk: Please build the following in the following order
(01:09 / All) iggy_the_fisk: Death Knight
(01:12 / All) iggy_the_fisk: Crypt Fiends
(01:14 / All) iggy_the_fisk: Lich
(01:16 / All) iggy_the_fisk: obsidian statues
(01:16 / Allies) miggity: not a build order
(01:18 / All) iggy_the_fisk: frost wyrms
(01:24 / Allies) iggy_the_fisk: didn't say it was
(01:25 / All) EviL_GeaR: oO
(01:25 / All) PAko): shut up maybe?
(01:27 / Allies) RockBlock: you know it's gonna happen though
(01:29 / All) MoNsTerDeaTh: mickael Jackson is Ud too
(01:34 / All) nutsonyochin.de: lmfao u attarded son>
(01:41 / All) iggy_the_fisk: he should also follow my instructions
(01:41 / All) iggy_the_fisk: tia
(01:42 / Allies) miggity: what is that really
(01:43 / Allies) nutsonyochin.de: blammo and
(01:44 / Allies) nutsonyochin.de: wammo
(02:02 / All) N]Elite.TaNgUy2: Age of Empire II
(02:09 / All) N]Elite.TaNgUy2: stop tetris
(02:11 / All) miggity: is 3 by now actually
(02:30 / Allies) miggity: share ig
(02:37 / Allies) RockBlock: ig le fig
(03:38 / Allies) miggity: thank good ness they got worst heroes
(03:46 / Allies) miggity: well no worse than iggy not getting a hero but still pretty bad
(03:57 / Allies) iggy_the_fisk: heroes pretty gay
(04:04 / Allies) nutsonyochin.de: source me a little blinn
(04:07 / Allies) nutsonyochin.de: so i get this expo started
(05:16 / Allies) RockBlock: he tech
(05:53 / Allies) RockBlock: embarassin
(05:55 / Allies) RockBlock: where was the heal
(06:09 / Allies) nutsonyochin.de: jekring a guy off.
(06:21 / Allies) RockBlock: beastiaries goin up
(06:25 / All) nutsonyochin.de: fail
(06:28 / Allies) miggity: ours, theirs?
(06:28 / Allies) nutsonyochin.de: man
(06:30 / Allies) RockBlock: ours
(06:30 / Allies) nutsonyochin.de: 10 fiend
(06:32 / Allies) nutsonyochin.de: and 2 dk aura
(06:34 / Allies) nutsonyochin.de: and cant surr
(07:38 / Allies) nutsonyochin.de: i need level 3
(08:30 / Allies) nutsonyochin.de: blinn get panda second
(08:35 / Allies) nutsonyochin.de: because om going dk killa
(08:46 / Allies) RockBlock: ok will waltz round
(08:47 / Allies) RockBlock: to the place
(09:57 / Allies) miggity: this retard fag wont letgo of my exop
(10:12 / Allies) RockBlock: gold me for panda
(10:15 / All) nutsonyochin.de: lmfao!
(10:23 / Allies) RockBlock: ty
(10:23 / Allies) RockBlock: whoah
(10:52 / Allies) nutsonyochin.de: go help top i got bot
(10:56 / Allies) RockBlock: aight
(11:21 / Allies) RockBlock: los expos
(12:24 / Allies) miggity: their ne trying to take
(12:31 / Allies) miggity: he's like my rival
(12:34 / Allies) miggity: this game
(12:57 / Allies) RockBlock: gonna scout spos
(13:11 / Allies) miggity: try to save top if you're bored
(13:35 / Allies) miggity: bat
(13:37 / Allies) miggity: godddd
(13:38 / Allies) miggity: what the fuck
(14:04 / Allies) miggity: keep bat there this time
(16:36 / Allies) RockBlock: feel free to do that instead of pinging and swearing at me
(17:42 / Allies) nutsonyochin.de: tried to heal
(17:48 / Allies) iggy_the_fisk: sad
(18:25 / Allies) nutsonyochin.de: oom
(18:42 / Allies) nutsonyochin.de: tower maybe
(19:29 / Allies) nutsonyochin.de: ognna try to force a tp
(20:17 / Allies) RockBlock: keep the towers off mah bats
(21:57 / Allies) miggity: i need lumber like nuts
(22:10 / Allies) nutsonyochin.de: dk
(22:10 / Allies) nutsonyochin.de: dk
(22:11 / Allies) nutsonyochin.de: dk
(22:37 / Allies) nutsonyochin.de: if you run from paladin
(22:39 / Allies) nutsonyochin.de: you get no heal
(23:28 / Allies) miggity: need help now
(23:40 / Allies) miggity: tp noob faggots please
(23:50 / Allies) nutsonyochin.de: lemme tp with 2 hero
(23:54 / Allies) nutsonyochin.de: who both oom
(23:57 / Allies) nutsonyochin.de: and 75% hp
(24:02 / Allies) miggity: taht would be a stasrt
(24:25 / Allies) miggity: lumber me up fags
(24:35 / Allies) miggity: more
(25:08 / Allies) miggity: i got gold btw
(25:22 / Allies) RockBlock: tp forced ahm
(25:49 / Allies) nutsonyochin.de: use my dhawk if you need
(26:02 / Allies) nutsonyochin.de: killing some aco
(26:12 / Allies) nutsonyochin.de: blinn
(26:13 / Allies) nutsonyochin.de: some fiend
(26:34 / Allies) nutsonyochin.de: fuck euro lag
(27:18 / Allies) nutsonyochin.de: lmfao
(27:18 / Allies) nutsonyochin.de: l
(27:19 / Allies) nutsonyochin.de: m
(27:21 / Allies) nutsonyochin.de: a
(27:21 / Allies) nutsonyochin.de: o
(27:29 / Allies) miggity: is like third time they zepdeathed against me
(28:19 / Allies) nutsonyochin.de: more tow
(28:38 / Allies) nutsonyochin.de: long dis
(28:39 / Allies) nutsonyochin.de: t
(28:40 / Allies) miggity: purple is stuck topside
(28:40 / Allies) nutsonyochin.de: ance
(28:57 / Allies) nutsonyochin.de: kill
(28:57 / Allies) nutsonyochin.de: kill
(28:59 / Allies) nutsonyochin.de: surr and kill
(29:00 / Allies) nutsonyochin.de: clal to
(29:01 / Allies) nutsonyochin.de: nm
(29:26 / Allies) miggity: work on it?
(30:38 / Allies) RockBlock: lemme get some gold to expo wit
(30:59 / Allies) nutsonyochin.de: yeha i got mad mad gold
(31:11 / Allies) RockBlock: i'll take this
(31:12 / Allies) RockBlock: if that's ok
(31:31 / Allies) nutsonyochin.de: somebody take
(31:33 / Allies) RockBlock: i will
(31:36 / Allies) nutsonyochin.de: ok
(34:05 / Allies) miggity: wtf why didnt you focus potm
(34:47 / Allies) nutsonyochin.de: cap am hemlm
(34:51 / Allies) miggity: goooo
(34:51 / Allies) miggity: fsfs
(35:08 / Allies) RockBlock: arhghgh
(35:22 / Allies) nutsonyochin.de: that got they attn
(35:45 / Allies) nutsonyochin.de: where is blade
(35:48 / Allies) RockBlock: dead
(35:55 / Allies) nutsonyochin.de: get him back i got cap am
(35:59 / Allies) RockBlock: he's ressuring
(36:35 / Allies) miggity: gonna be using islands
(36:40 / Allies) miggity: to stage tank strikes
(36:49 / Allies) nutsonyochin.de: items to sell
(37:04 / Allies) nutsonyochin.de: who buy dragon
(37:06 / Allies) miggity: me
(37:10 / Allies) nutsonyochin.de: whewe
(37:12 / Allies) RockBlock: where's my capam at
(37:15 / Allies) miggity: get me a new zep
(37:19 / Allies) nutsonyochin.de: ui got cap am
(37:20 / Allies) RockBlock: use mine
(37:28 / Allies) miggity: nah buyign 1
(37:55 / Allies) RockBlock: oh did you want the prot ring
(37:57 / Allies) RockBlock: take it
(38:01 / Allies) nutsonyochin.de: full
(38:04 / Allies) nutsonyochin.de: unless you want cloak too
(38:05 / Allies) RockBlock: aight chilly
(38:08 / Allies) RockBlock: nah all good
(38:15 / Allies) nutsonyochin.de: yeah would be best on mk prob
(38:18 / Allies) nutsonyochin.de: that dude take mad hit
(38:58 / Allies) miggity: cant believe this fuckers luck
(39:03 / Allies) nutsonyochin.de: gonna kill dk
(39:04 / Allies) nutsonyochin.de: gogogo
(39:07 / Allies) RockBlock: ok
(39:15 / Allies) nutsonyochin.de: lich
(40:19 / Allies) RockBlock: let's deal wit
(40:27 / Allies) miggity: shal will descend from his perch
(40:31 / Allies) nutsonyochin.de: wheeling and dealing
(40:33 / Allies) miggity: and set foot on low ground for first time in liek 30 min
(40:41 / Allies) nutsonyochin.de: god high level mk/paladin so fun vs ud
(40:48 / Allies) RockBlock: blade/panda v fun too
(40:57 / Allies) nutsonyochin.de: not so fun vs orc yugh~!
(41:00 / Allies) iggy_the_fisk: alch has the shittiest hotkeys
(41:05 / Allies) miggity: qwerasdfzxcv
(41:10 / Allies) iggy_the_fisk: yes
(41:10 / Allies) iggy_the_fisk: alch
(41:11 / Allies) iggy_the_fisk: check it
(41:17 / Allies) iggy_the_fisk: good spell? on v
(41:19 / Allies) iggy_the_fisk: and c
(41:24 / Allies) nutsonyochin.de: every game i freakin get landazar when i get am
(41:24 / Allies) miggity: weird
(41:26 / Allies) nutsonyochin.de: i lov eit
(41:27 / Allies) iggy_the_fisk: that's the ultiamnte spot
(41:29 / Allies) iggy_the_fisk: so gay
(41:40 / Allies) RockBlock: bats coming
(41:46 / Allies) nutsonyochin.de: flapping and yappig
(42:23 / Allies) RockBlock: they take 1 we take 3
(42:45 / Allies) miggity: need some bat hmmm
(43:06 / Allies) miggity: this is my main tho
(43:33 / Allies) miggity: well w/e i can move main to diff mountain if we lose this
(44:14 / Allies) miggity: potm it up
(44:34 / All) miggity: gg
(44:50 / Allies) RockBlock: aeh owned
(45:02 / Allies) miggity: gonna start tanking
(45:06 / Allies) miggity: can we get some mass tele targets
(45:08 / Allies) RockBlock: good on ye my son
(45:08 / Allies) nutsonyochin.de: i lsot mad hawk
(45:12 / Allies) nutsonyochin.de: to hippo
(45:14 / Allies) nutsonyochin.de: like woah
(45:21 / Allies) miggity: ya lost everything
(45:23 / Allies) RockBlock: just start tanking UD mains
(45:29 / Allies) miggity: so
(45:30 / Allies) miggity: get me
(45:31 / Allies) miggity: over there
(45:33 / Allies) RockBlock: yeah when my blade is back
(45:38 / Allies) RockBlock: i'll be your boi
(45:51 / Allies) RockBlock: going
(45:52 / Allies) miggity: man i queued up 200 food tank
(46:14 / All) miggity: g